 Dungeon Crawl Stone Soup version 0.32-a0-42-ga30500b4d3 (webtiles) character file.

Game seed: 15629093008126051496

1748 Sanktem7 the Cleaver (level 8, -8/73 HPs)
             Began as a Minotaur Fighter on Jan 5, 2024.
             Was an Initiate of Okawaru.
             Killed from afar by an electric eel (13 damage)
             ... with a bolt of electricity
             ... on level 6 of the Dungeon on Jan 31, 2024.
             The game lasted 00:13:41 (4680 turns).

Sanktem7 the Cleaver (Minotaur Fighter)             Turns: 4680, Time: 00:13:42

Health: -8/73      AC: 13    Str: 22    XL:     8   Next: 78%
Magic:  7/7        EV:  9    Int:  5    God:    Okawaru [......]
Gold:   815        SH:  6    Dex: 17    Spells: 7/7 levels left

rFire   . . .        i - +1 broad axe (heavy) {axe}
rCold   . . .        c - +0 buckler
rNeg    . . .        b - +0 scale mail
rPois   .            (helmet restricted)
rElec   .            s - +2 cloak
rCorr   .            r - +1 pair of gloves
SInv    .            (no boots)
Will    .....        g - amulet of the acrobat Stlth
                     l - +6 ring of dexterity
HPRegen 0.32/turn    (no ring)
MPRegen 0.10/turn

%: acrobat
@: very slow
A: horns 2, retaliatory headbutt
a: Renounce Religion


You were on level 6 of the Dungeon.
You worshipped Okawaru.
Okawaru was noncommittal.
You visited 2 branches of the dungeon, and saw 7 of its levels.
You also visited: Sewer.

You collected 815 gold pieces.


Innate Abilities, Weirdness & Mutations

You have a pair of horns on your head.
You reflexively headbutt those who attack you in melee.


   Skills:
 + Level 7.0 Fighting
 * Level 8.9 Axes
 + Level 7.1 Armour
 + Level 7.0 Shields


You had 7 spell levels left.
You didn't know any spells.
Your spell library contained the following spells:

 Spells                   Type           Power      Damage    Failure   Level
 Apportation              Tloc           0%         N/A       83%         1
 Magic Dart               Conj           0%         1d3       83%         1
 Necrotise                Necr           0%         1d4       83%         1
 Shock                    Conj/Air       0%         1d3       83%         1
 Sting                    Conj/Alch      0%         1d3       83%         1
 Blink                    Tloc           0%         N/A       92%         2
 Scorch                   Fire           0%         2d5       92%         2
 Swiftness                Air            0%         N/A       99%         3
 Airstrike                Air            0%         2d(0-16)  100%        4
 Flame Wave               Conj/Fire      0%         2d4       100%        4
 Metabolic Englaciation   Hex/Ice        0%         N/A       100%        5
 Death's Door             Necr           0%         N/A       100%        9
 Summon Small Mammal      Summ           Unusable   N/A       N/A         1
 Call Imp                 Summ           Unusable   N/A       N/A         2
 Death Channel            Necr           Unusable   N/A       N/A         6
 Summon Cactus Giant      Summ           Unusable   N/A       N/A         6

Inventory:

Hand Weapons
 i - a +1 heavy broad axe (weapon) {axe}
   (You acquired it on level 4 of the Dungeon)
 E - a +2 whip of venom {mace}
   (You took it off a gnoll on level 4 of the Dungeon)
Missiles
 a - a throwing net {=f!fthrowing}
 j - 69 stones {throwing}
 m - 10 poisoned darts (quivered) {throwing}
Armour
 b - a +0 scale mail (worn)
 c - a +0 buckler (worn)
 r - a +1 pair of gloves (worn)
   (You found it on level 3 of the Dungeon)
 s - a +2 cloak (worn)
   (You found it on level 3 of the Dungeon)
Magical Staves
 t - a staff of earth {!astaff}
   (You found it on level 5 of the Dungeon)
Jewellery
 e - an amulet of magic regeneration {@e2}
   (You found it on level 4 of the Dungeon)
 g - an amulet of the acrobat (around neck)
   (You found it on level 1 of the Dungeon)
 l - a +6 ring of dexterity (left hand)
   (You found it on level 2 of the Dungeon)
 y - a +6 ring of dexterity
   (You found it on level 5 of the Dungeon)
Wands
 n - a wand of mindburst (14)
   (You found it on level 2 of the Dungeon)
Scrolls
 f - 5 scrolls of amnesia
 h - a scroll of noise {unknown}
 o - a scroll of enchant weapon {unknown}
 p - a scroll of immolation {!r!r}
 u - a scroll of revelation
 v - a scroll of teleportation {unknown}
 w - a scroll of vulnerability {unknown}
 C - 2 scrolls of fog
 F - a scroll of blinking {unknown}
 I - a scroll of identify {@r1}
Potions
 d - 4 potions of might
 k - 5 potions of heal wounds {@q2}
 q - a potion of enlightenment
 x - 2 potions of curing {@q1}
 z - a potion of invisibility
 A - a potion of brilliance
 B - a potion of haste {@q3}
 D - a potion of mutation {unknown}
 G - a potion of magic {unknown}
 H - a potion of ambrosia {unknown}

Dungeon Overview and Level Annotations

Branches:
Dungeon (6/15) Zot: 26622  Temple (1/1) D:6 Zot: 5969   Sewer (visited)

Altars:
Ashenzari
Cheibriados
Dithmenos
Elyvilon
Fedhas
Gozag
Hepliaklqana
Kikubaaqudgha
Makhleb
Okawaru
Qazlal
Ru
Trog
Uskayaw
Vehumet
Xom
Yredelemnul
The Shining One

Shops:
D:1 *

Annotations:
D:3 1 runed translucent door, cowhearter's ghost, weakling DsGl

#############
#####...........####
#.....♣♣♣♣♣♣♣♣♣....#
....♣.♣♣~~♣~~♣~~♣.♣..#
.♣ ♣~♣~@~~~~♣~~~~P~~~♣##
♣~~†S~~≈≈≈≈≈~~~~~~~~♣
♣~~~~♣~P≈~≈≈≈≈≈≈≈~~~~~~P
♣~P~ ~~S≈≈≈≈≈≈≈≈≈≈PP~♣~~
~~~ ~~~≈≈≈≈≈≈≈≈≈≈≈~~~~~~
~~ ~P~~≈≈≈≈≈≈≈≈≈≈≈~~~~~♣
~ ♣~~~≈≈≈≈≈≈≈≈≈≈≈≈≈~~♣~P
~~~♣~≈≈≈≈≈≈≈≈≈≈~♣~~♣~~
≈≈≈≈≈≈P~~~~~~


You could see 2 electric eels.


Message History

The black bear splashes around in the water.
You block the black bear's attack.
The black bear claws you but does no damage.
Your unstable footing causes you to fumble your attack.
The black bear bites you but does no damage.
The black bear claws you but does no damage. x2 😕 HP[+1]
You barely miss the black bear.
The black bear bites you but does no damage.
The black bear claws you but does no damage.
The black bear barely misses you. The black bear bites you.
The black bear claws you.
The black bear claws you but does no damage. 😕 HP[-7]
You take 7 damage, and now have 61/71 hp.
You slice the black bear!!
You kill the black bear!
Okawaru accepts your kill.
Your Fighting skill increases to level 7!
Your Shields skill increases to level 7! 😕 HP[+3]
You now have 73 max hp (+2).
You regained 3 hp, and now have 64/73 hp.
No target in view!
No target in view! 2 electric eels come into view.
The electric eel moves out of view. 😎 HP[+9]
Your hp is fully restored (73).
An electric eel is nearby!
An electric eel is nearby!
The electric eel shoots out a bolt of lightning at you!
The bolt of electricity hits the plant!
The plant begins to die.
The bolt of electricity misses you.
You enter the shallow water.
Moving in this stuff is going to be slow. 2 electric eels come into view.
The electric eel shoots out a bolt of lightning at you!
The bolt of electricity hits you!
The electric eel shoots out a bolt of lightning at you!
The bolt of electricity misses you.
The bolt of electricity hits the plant!
The plant begins to die.
The electric eel shoots out a bolt of lightning at you!
The bolt of electricity hits the electric eel.
The electric eel completely resists.
The bolt of electricity misses you.
The bolt of electricity hits the plant!
The electric eel shoots out a bolt of lightning at you!
The bolt of electricity hits you!
The electric eel shoots out a bolt of lightning at you!
The bolt of electricity hits the electric eel.
The electric eel completely resists.
The bolt of electricity hits you!
The bolt of electricity hits the plant!!
The electric eel shoots out a bolt of lightning at you!
The bolt of electricity hits you.
You are too injured to fight recklessly!
You are too injured to fight recklessly!
You are too injured to fight recklessly!
You are too injured to fight recklessly! 😮 HP[-36]
You take 36 damage, and now have 37/73 hp.
MASSIVE DAMAGE!! (PAUSE)
You closely miss the electric eel. Your headbutt misses the electric eel.
You slash the plant! You barely miss the electric eel.
The electric eel shoots out a bolt of lightning at you!
The bolt of electricity hits the electric eel.
The electric eel completely resists.
The bolt of electricity hits you.
The electric eel shoots out a bolt of lightning at you!
The bolt of electricity misses you.
Your unstable footing causes you to fumble your attack.
A nearby plant withers and dies. x2
The electric eel shoots out a bolt of lightning at you!
The bolt of electricity hits you.
* * * LOW HITPOINT WARNING * * *
The electric eel shoots out a bolt of lightning at you!
The bolt of electricity hits you.
* * * LOW HITPOINT WARNING * * *
The electric eel shoots out a bolt of lightning at you!
The bolt of electricity hits you!
* * * LOW HITPOINT WARNING * * *
The electric eel shoots out a bolt of lightning at you!
The bolt of electricity hits the plant!
The plant begins to die.
The bolt of electricity hits the electric eel.
The electric eel completely resists.
The bolt of electricity hits you!
* * * LOW HITPOINT WARNING * * *
😱 HP[-32]
You take 32 damage, and now have 5/73 hp.
MASSIVE DAMAGE!! (PAUSE)
You closely miss the electric eel. Your headbutt misses the electric eel.
You slash the electric eel!
You kill the electric eel!
Okawaru accepts your kill.
You slice the electric eel!!
You kill the electric eel!
Okawaru accepts your kill.
You hear a splash.
The electric eel shoots out a bolt of lightning at you!
The bolt of electricity hits the plant!
The bolt of electricity hits the electric eel.
The electric eel completely resists.
The bolt of electricity hits you!
You die...

Skill      XL: |  1  2  3  4  5  6  7  8 |
---------------+-------------------------+-----
Axes           | 3 4 5 6 7 8 |  8.9
Armour         | 4 5 6 7 |  7.1
Shields        | 4 5 6 7 |  7.0
Fighting       | 4 5 6 7 |  7.0

Action                     |  1- 3 |  4- 6 |  7- 9 || total
---------------------------+-------+-------+-------++-------
  Melee: War axe           |    74 |   114 |    83 ||   271
         Headbutt          |     9 |    22 |    16 ||    47
         Broad axe         |       |       |    42 ||    42
    Use: Scroll            |       |       |    19 ||    19
 Armour: Scale mail        |    42 |    61 |   105 ||   208
  Dodge: Dodged            |    39 |    63 |    69 ||   171
  Block: Buckler           |    10 |    38 |    53 ||   101

Levels and vault maps discovered:
D:1:      wander_arrival_peaceful_grave, layout_rooms, serial_shops,
          nicolae_shop_tiny_real_fake_doors, serial_bayou_pond_d,
          serial_bayou_lagoon_b
D:2:      layout_basic, serial_corexii_hall, corexii_hall_statues_u,
          chequers_hall_statues_wall_a, corexii_hall_statues_s, uniq_sigmund
D:3:      layout_loops_ring, cheibrodos_worm_habitat,
          hellmonk_ecumenical_altar_inner_sanctum, ebering_ghost_sewer_d,
          uniq_crazy_yiuf_cottage
D:4:      minmay_general_purpose_star, layout_cave_pools,
          chequers_temple_overflow_statue_of_worship, portal_sewer_entry_c,
          uniq_eustachio
D:5:      layout_gridville, minmay_crystal_room
D:6:      layout_rooms, minmay_temple_entry_gardened_gates, serial_bayou_lake_a
Temple:   nicolae_temple_bog_church

Notes
Turn   | Place    | Note
-------+----------+-------------------------------------------
     0 | D:1      | Sanktem7 the Minotaur Fighter began the quest for the Orb.
     0 | D:1      | Reached XP level 1. HP: 19/19 MP: 0/0
     0 | D:1      | magus.rc [v1.9.6]
    91 | D:1      | Reached XP level 2. HP: 22/27 MP: 1/1
    96 | D:1      | magus.rc [v1.9.6]
   123 | D:1      | Reached skill level 3 in Axes
   343 | D:1      | Found Cegrowuw's General Store.
   484 | D:2      | Reached skill level 4 in Armour
   508 | D:2      | Reached XP level 3. HP: 33/33 MP: 2/2
   508 | D:2      | Upgraded the game from 0.31-a0-1589-g8f5e8aebd6 to
                  | 0.32-a0-42-ga30500b4d3
   508 | D:2      | magus.rc [v1.9.6]
   564 | D:2      | Reached skill level 4 in Shields
   582 | D:2      | Reached skill level 4 in Fighting
   647 | D:2      | Noticed Sigmund
   669 | D:2      | Killed Sigmund
   670 | D:2      | Reached skill level 4 in Axes
   670 | D:2      | Reached XP level 4. HP: 19/41 MP: 3/3
   670 | D:2      | Reached XP level 5. HP: 22/47 MP: 4/4
  1216 | D:3      | Reached skill level 5 in Axes
  1299 | D:3      | You pick up a book of Minor Magic and begin reading...
  1299 | D:3      | You add the spells Magic Dart, Blink and Call Imp to your
                  | library.
  1328 | D:3      | Found a runed translucent door.
  1329 | D:3      | Noticed Crazy Yiuf
  1491 | D:3      | Reached XP level 6. HP: 51/55 MP: 5/5
  1719 | D:3      | Reached skill level 5 in Armour
  1723 | D:3      | HP: 12/55 [poisoned by a gnoll]
  1724 | D:3      | Reached skill level 5 in Shields
  1926 | D:3      | Found a faded altar of an unknown god.
  1972 | D:3      | Found a runed translucent door.
  1974 | D:3      | Noticed cowhearter's ghost (weakling DsGl)
  2140 | D:3      | Found a snail-covered altar of Cheibriados.
  2315 | D:3      | Killed Crazy Yiuf
  2316 | D:3      | Reached skill level 5 in Fighting
  2532 | D:4      | Reached skill level 6 in Axes
  2559 | D:4      | Reached XP level 7. HP: 43/61 MP: 6/6
  2735 | D:4      | Found a shadowy altar of Dithmenos.
  2735 | D:4      | Found a burning altar of Makhleb.
  2877 | D:4      | Found a glowing drain.
  2879 | D:4      | Noticed Eustachio
  2890 | D:4      | Killed Eustachio
  2914 | Sewer    | Entered a sewer
  2985 | Sewer    | Reached skill level 7 in Axes
  2985 | Sewer    | Reached skill level 6 in Armour
  3063 | Sewer    | Noticed Pargi
  3068 | Sewer    | Killed Pargi
  3069 | Sewer    | Reached skill level 6 in Shields
  3102 | Sewer    | Reached skill level 6 in Fighting
  3130 | Sewer    | Reached XP level 8. HP: 61/70 MP: 4/7
  3502 | D:4      | Identified 2 scrolls of acquirement
  3502 | D:4      | Acquired a +1 broad axe of freezing
  3618 | D:4      | Acquired 581 gold pieces
  3645 | D:5      | Entered Level 5 of the Dungeon
  3800 | D:5      | You add the spells Metabolic Englaciation, Death Channel
                  | and Death's Door to your library.
  3800 | D:5      | Got Ummocots's Guidebook on Blasphemous Spells and the
                  | Tundra
  4075 | D:5      | Reached skill level 8 in Axes
  4304 | D:6      | Found a staircase to the Ecumenical Temple.
  4332 | Temple   | Entered the Ecumenical Temple
  4355 | Temple   | Became a worshipper of Warmaster Okawaru
  4378 | D:6      | You pick up a book of Cantrips and begin reading...
  4378 | D:6      | You add the spells Sting, Necrotise and Apportation to your
                  | library.
  4464 | D:6      | You pick up a book of Scorching and begin reading...
  4464 | D:6      | You add the spells Scorch and Flame Wave to your library.
  4481 | D:6      | You pick up a book of Air and begin reading...
  4481 | D:6      | You add the spells Shock, Swiftness and Airstrike to your
                  | library.
  4560 | D:6      | Reached skill level 7 in Armour
  4631 | D:6      | Reached skill level 7 in Fighting
  4631 | D:6      | Reached skill level 7 in Shields
  4679 | D:6      | HP: 16/73 [electric eel/bolt of electricity (15)]
  4679 | D:6      | HP: 5/73 [electric eel/bolt of electricity (11)]
  4680 | D:6      | Killed from afar by an electric eel

Vanquished Creatures
  Sigmund (D:2)
  Eustachio (D:4)
  2 black bears (D:6)
  A sky beast (D:6)
  Pargi (Sewer)
  An ogre (D:5)
  2 brain worms (Sewer)
  A scorpion (D:6)
  2 electric eels (D:6)
  A bombardier beetle (D:5)
  A jelly (D:5)
  A sleepcap (D:5)
  2 orc priests (D:4)
  4 hounds
  Crazy Yiuf (D:3)
  5 iguanas
  An orc wizard (D:4)
  12 adders
  12 gnolls
  A river rat (D:4)
  2 ufetubi (D:6)
  5 dart slugs
  5 ribbon worms
  8 orcs
  14 ball pythons
  4 endoplasms
  10 goblins
  8 hobgoblins
  3 jackals (D:3)
  5 kobolds
  4 quokkas
  2 bats (D:3)
  6 frilled lizards
  10 rats
139 creatures vanquished.

Table legend:
 A = Non-vault XP
 B = Vault XP
 C = Vault XP percentage of total XP
 D = Non-vault monster count
 E = Vault monster count
 F = Vault count percentage of total count
                 A         B        C        D         E       F
            +---------+---------+-------+---------+---------+-------
      Total |    1708 |     894 |  34.4 |     113 |      26 |  18.7
            +---------+---------+-------+---------+---------+-------
        D:1 |      37 |       0 |   0.0 |      21 |       0 |   0.0
        D:2 |      67 |     214 |  76.2 |      16 |       1 |   5.9
        D:3 |     162 |      43 |  21.0 |      26 |       2 |   7.1
        D:4 |     375 |     305 |  44.9 |      29 |      13 |  31.0
        D:5 |     421 |       0 |   0.0 |      11 |       0 |   0.0
        D:6 |     646 |       0 |   0.0 |      10 |       0 |   0.0
      Sewer |       0 |     332 | 100.0 |       0 |      10 | 100.0
            +---------+---------+-------+---------+---------+-------

Skill      XL: |  1  2  3  4  5  6  7  8 |
---------------+-------------------------+-----
Axes           | 3 4 5 6 7 8 |  8.9
Armour         | 4 5 6 7 |  7.1
Shields        | 4 5 6 7 |  7.0
Fighting       | 4 5 6 7 |  7.0

Action                     |  1- 3 |  4- 6 |  7- 9 || total
---------------------------+-------+-------+-------++-------
  Melee: War axe           |    74 |   114 |    83 ||   271
         Headbutt          |     9 |    22 |    16 ||    47
         Broad axe         |       |       |    42 ||    42
    Use: Scroll            |       |       |    19 ||    19
 Armour: Scale mail        |    42 |    61 |   105 ||   208
  Dodge: Dodged            |    39 |    63 |    69 ||   171
  Block: Buckler           |    10 |    38 |    53 ||   101

Illustrated notes

Table legend:
 A = Kills in this place as a percentage of kills in the entire game.
 B = Kills by you in this place as a percentage of kills by you in the entire game.
 C = Kills by friends in this place as a percentage of kills by friends in the entire game.
 D = Other kills in this place as a percentage of other kills in the entire game.
 E = Experience gained in this place as a percentage of experience gained in the entire game.
 F = Experience gained in this place divided by the number of levels of this place that you have seen.
                   A       B       C       D       E      F
               +-------+-------+-------+-------+-------+----------------------
         Total | 100.0 | 100.0 |   N/A |   N/A | 100.0 | 325.2
       Dungeon |  92.8 |  92.8 |   N/A |   N/A |  87.2 | 378.3
         Sewer |   7.2 |   7.2 |   N/A |   N/A |  12.8 | 332.0
               +-------+-------+-------+-------+-------+----------------------

Table legend: (Time is in decaauts)
 A = Elapsed time spent in this place.
 B = Non-inter-level travel time spent in this place.
 C = Inter-level travel time spent in this place.
 D = Time resting spent in this place.
 E = Time spent auto-exploring this place.
 F = Levels seen in this place.
 G = Mean time per level.
                   A        B        C        D        E       F      G
               +--------+--------+--------+--------+--------+-----+--------+
         Total |   4864 |   4743 |    121 |    104 |   3487 |   8 |  608.0 |
       Dungeon |   4516 |   4395 |    121 |    104 |   3262 |   6 |  752.7 |
        Temple |     30 |     30 |      0 |      0 |      0 |   1 |   30.0 |
         Sewer |    318 |    318 |      0 |      0 |    225 |   1 |  318.0 |
               +--------+--------+--------+--------+--------+-----+--------+

Top non-repeatable levels by time:
     D:3: 1277 daAuts
     D:4: 934 daAuts
     D:2: 754 daAuts
     D:5: 675 daAuts
     D:1: 499 daAuts
     D:6: 375 daAuts
   Sewer: 318 daAuts
  Temple: 30 daAuts
